 Dungeon Crawl Stone Soup version 0.18-a0-1637-g109f206 (webtiles) character file.

60 syage the Slasher (level 3, 0/29 HPs)
             Began as a Vampire Fighter on Mar 26, 2016.
             Slain by a gnoll
             ... wielding a +0 spear
              (6 damage)
             ... on level 2 of the Dungeon.
             The game lasted 00:03:05 (1250 turns).

syage the Slasher (Vampire Fighter)                 Turns: 1250, Time: 00:03:08

Health: 0/29       AC:  6    Str: 16    XL:     3   Next: 80%
Magic:  3/3        EV:  7    Int: 10    God:
Gold:   65         SH:  8    Dex: 13    Spells: 0 memorised, 2 levels left

rFire  . . .     SeeInvis +     a - +0 long sword
rCold  . . .     Gourm    .     b - +0 scale mail
rNeg   . . .     Faith    .     c - +0 shield
rPois  .         Spirit   .     (no helmet)
rElec  .         Dismiss  .     (no cloak)
rCorr  .         Reflect  .     (no gloves)
SustAt .         Harm     .     (no boots)
MR     .....                    (no amulet)
Stlth  ..........               (no ring)
                                (no ring)

@: regenerating quickly, not resistant to hostile enchantments, extremely
unstealthy
A: fangs 3, see invisible, unbreathing
a: no special abilities


You were on level 2 of the Dungeon.
You were full.

You visited 1 branch of the dungeon, and saw 2 of its levels.

You collected 65 gold pieces.

Inventory:

Hand Weapons
 a - a +0 long sword (weapon)
Armour
 b - a +0 scale mail (worn)
 c - a +0 shield (worn)
Scrolls
 f - a scroll of random uselessness {unknown}
 h - 2 scrolls of teleportation {unknown}
 i - a scroll of identify {unknown}
 j - 3 scrolls of magic mapping {unknown}
 m - a scroll of remove curse {unknown}
 n - a scroll of immolation {unknown}
Potions
 d - a potion of might
 e - a potion of blood
 g - a potion of degeneration {unknown}
 k - a potion of ambrosia {unknown}
 l - a potion of berserk rage {unknown}


   Skills:
 + Level 3.0 Fighting
 * Level 3.1 Long Blades
 + Level 2.9 Armour
 + Level 0.4 Dodging
 + Level 0.4 Stealth
 - Level 2.7 Shields


You had 2 spell levels left.
You didn't know any spells.

Dungeon Overview and Level Annotations

Branches:
Dungeon (2/15)

Altars:
Nemelex Xobeh


Innate Abilities, Weirdness & Mutations

Your natural rate of healing is unusually fast.
You have razor-sharp teeth.
You have supernaturally acute eyesight.
You can survive without breathing.


Message History

You closely miss the gnoll. You block the gnoll's attack.
The gnoll hits you but does no damage.
The gnoll hits you from afar with a spear.
The gnoll hits you with a spear of piercing.
You slash the gnoll!
The gnoll is severely wounded.
The gnoll hits you but does no damage. You block the gnoll's attack.
You hit the gnoll.
The gnoll is severely wounded.
The gnoll hits you with a spear of piercing.
The gnoll hits you from afar with a spear.
* * * LOW HITPOINT WARNING * * *
The gnoll closely misses you. You block the gnoll's attack.
Your shield and scale mail prevent you from hitting the gnoll.
Your bite misses the gnoll.
The gnoll is severely wounded.
The gnoll hits you with a spear of piercing.
* * * LOW HITPOINT WARNING * * *
x2 The gnoll hits you from afar with a spear.
You die...

#......##.......
##.#.### ...###
###.#.# ..#
#.....# #
#.....# #.....#
###.#.# #.#.#
#@#.# #g#..


gg# .rb# ....# .....# .#....# #.##.... You could see 2 gnolls, a goblin, a bat
and a rat.

Vanquished Creatures
  A gnoll (D:2)
  An adder (D:2)
  A worm (D:2)
  4 dart slugs (D:1)
  A giant gecko (D:2)
  3 giant cockroaches (D:1)
  5 goblins
  3 hobgoblins (D:1)
  A kobold (D:1)
  2 quokkas (D:2)
  A ball python (D:1)
  A bat (D:1)
  A giant newt (D:2)
  3 rats (D:1)
28 creatures vanquished.

Notes
Turn   | Place    | Note
--------------------------------------------------------------
     0 | D:1      | syage the Vampire Fighter began the quest for the Orb.
     0 | D:1      | Reached XP level 1. HP: 17/17 MP: 1/1
     1 | D:1      | Noticed an electric eel
   158 | D:1      | Reached XP level 2. HP: 16/23 MP: 2/2
   650 | D:1      | Reached XP level 3. HP: 24/28 MP: 3/3
  1207 | D:2      | Found a sparkling altar of Nemelex Xobeh.
  1250 | D:2      | Slain by a gnoll

Vault maps used:
D:1:      arrival_aquarium_a, serial_glass, glass_columns_b, glass_columns_b,
          glass_columns_a, glass_columns_b, glass_columns_a, glass_columns_a,
          item_on_display_a
D:2:      lemuel_crystal_altar, nemelex_lonely_heart_becter

Skill      XL: |  1  2  3 |
---------------+----------+-----
Fighting       | 3 |  3.0
Long Blades    | 3 |  3.1
Armour         | |  2.9
Dodging        | |  0.4
Stealth        | |  0.4
Shields        | |  2.7

Action                   || total
-------------------------++-------
Melee: Long sword        ||    97
  Eat: Corpse            ||     7
